[Event "26th Hit Open-A 2022"]
[Site "Nova Gorica"]
[Date "2022.09.17"]
[Round "2.36"]
[White "Teo, Hong Ming"]
[Black "Bajec, Borut"]
[Result "1-0"]
[ECO "D36"]
[WhiteElo "2013"]
[BlackElo "1732"]
[Annotator "TA"]
[PlyCount "63"]
[EventDate "2022.09.16"]
[EventType "swiss"]
[EventCountry "SLO"]
[SourceTitle "playchess.com"]
[Source "ChessBase"]
[SourceQuality "1"]
[TimeControl "5400+30"]

1. d4 d5 2. c4 e6 3. Nc3 Nf6 4. cxd5 exd5 5. Bg5 Be7 6. e3 O-O 7. Bd3 Nbd7 8. Qc2 h6 9. Bh4 c6 {[%emt 0:00:49] 9...c5 is more fashionable.} 10. Nge2 Nh5 {[%emt 0:02:57] D36: Queen's Gambit Declined: Exchange Variation: Main line (5 Bg5 c6 6 Qc2).} 11. Bxe7 Qxe7 12. O-O-O a5 (12... Nhf6 $11) 13. Kb1 (13. g4 $14 Nhf6 14. Rdg1) 13... b5 (13... Nb8 $11) 14. g4 Nhf6 15. Rdg1 b4 16. Na4 {[%emt 0:00:12] [#]} Ne4 $146 ({Predecessor:} 16... c5 17. dxc5 Ne5 18. h3 Bd7 19. Nb6 Rab8 20. Bf5 Bxf5 21. gxf5 Ned7 22. Nxd7 Nxd7 {1-0 (33) Leimeister,E (2213)-Beherzig,R Griesheim 2002}) 17. Bxe4 ({Don't play} 17. Qxc6 Nxf2 18. Qxa8 Nxd3 19. Qxd5 Nf2 $15) 17... dxe4 18. Ng3 Nf6 19. Nf5 Qd8 20. Qxc6 (20. Rg2 $16) 20... Bd7 $11 21. Qc2 Rc8 22. Nc5 {[%emt 0:01:58] Pair of Knights!} Bb5 ({Black should try} 22... Bxf5 $11 23. gxf5 Qd5) 23. Qd1 {[%emt 0:00:59] Strongly threatening g5.} Bd7 24. Nb7 {[%emt 0:02:57] White is more active.} ({White should play} 24. Rg2 $16) 24... Qb6 $1 $14 {[%emt 0:01:41] [#] aiming for ...Bxf5.} 25. Ne7+ Kh8 {[%emt 0:00:08] Hoping for ...Rce8.} 26. Nxc8 Qxb7 27. Nd6 Qb6 {[%emt 0:02:06][%mdl 8192] This costs Black the game.} (27... Qd5 $14) 28. Nc4 $18 Qb5 29. Ne5 {[%emt 0:00:18] Black must now prevent g5.} Be6 30. g5 hxg5 31. Rxg5 a4 {[%emt 0:00:26] [#]} (31... Bd5 $142 32. h4 Nh7) 32. Nxf7+ $1 {[%emt 0:00:24] Weighted Error Value: White=0.20 (precise) /Black=0.47} 1-0

[Event "26th Hit Open-A 2022"]
[Site "Nova Gorica"]
[Date "2022.09.17"]
[Round "2.37"]
[White "Both, Aaron"]
[Black "Cokan, Mirko"]
[Result "1-0"]
[ECO "B00"]
[WhiteElo "1963"]
[BlackElo "1683"]
[Annotator "TA"]
[PlyCount "73"]
[EventDate "2022.09.16"]
[EventType "swiss"]
[EventCountry "SLO"]
[SourceTitle "playchess.com"]
[Source "ChessBase"]
[SourceQuality "1"]
[TimeControl "5400+30"]

1. e4 Nc6 2. d4 e5 3. d5 Nce7 4. h4 h5 5. Bg5 f6 {[%emt 0:04:25] [#]} 6. Be3 $146 {[%emt 0:00:16] B00: Queen's Fianchetto Defence, Nimzowitsch Defence.} ({Predecessor:} 6. Bc1 d6 7. f4 exf4 8. Be2 f5 9. Nh3 Nf6 10. Nxf4 fxe4 11. O-O g6 12. Ne6 Bxe6 13. Rxf6 {½-½ (52) Zacinovic,A (2143)-Sitnic,A (2215) Lukavac 2020}) 6... d6 7. Be2 g6 8. c4 {[%emt 0:01:48] White is better.} Bh6 9. Bxh6 Nxh6 10. Nc3 O-O 11. Qd2 Kg7 12. Nh3 f5 (12... c6 $11) 13. O-O-O b6 14. f3 {[%emt 0:01:24] White is more active.} f4 15. Rdg1 Bxh3 16. Rxh3 Qd7 17. g4 ({White should try} 17. Rhh1 $16) 17... Kh7 ({Black should play} 17... Rh8 $14) 18. Rh2 (18. Bd1 $16) 18... Rf7 (18... hxg4 $14 19. fxg4 f3) 19. Bf1 {[%emt 0:01:49][%cal Be2f1,Bf1h3,Bh3e6][%mdl 32] aiming for Bh3.} Qd8 {[%emt 0:05:55] This costs Black the game.} (19... Nxg4 $16 20. fxg4 (20. Bh3 Nxh2 21. Bxd7 Nxf3 $16) 20... hxg4) 20. Bh3 Qf8 21. gxh5 gxh5 22. Rhg2 {[%emt 0:00:15] Prevents Rg7.} Qh8 $2 {[%emt 0:07:45] [#]} (22... a6 {was necessary.} 23. Be6 Rf6) 23. Be6 Rf6 24. Rg5 Rg6 25. Qg2 Qf6 26. Nb5 Rag8 27. Bxg8+ Rxg8 28. Rxg8 Nexg8 29. Nxc7 Ng4 30. fxg4 f3 31. g5 Qf4+ 32. Qd2 f2 33. Rf1 {[%emt 0:00:34] [#] White threatens Ne6 and mate.} Qxh4 34. Qxf2 (34. Ne6 $142 Ne7 35. Qxf2 Qxf2 36. Rxf2 Ng6 37. Rf7+ Kh8 38. Rxa7 h4 39. Kd2) 34... Qxg5+ $18 35. Kb1 {[%emt 0:00:10] Ne6 would kill now.} Nh6 36. Ne6 Qg4 37. Ka1 {[%emt 0:00:40] Weighted Error Value: White=0.14 (very precise) /Black=0.87} 1-0

[Event "26th Hit Open-A 2022"]
[Site "Nova Gorica"]
[Date "2022.09.17"]
[Round "2.39"]
[White "Alexandrova, Angelina"]
[Black "Oestmann, Lukas"]
[Result "1-0"]
[ECO "E65"]
[WhiteElo "1842"]
[BlackElo "1620"]
[Annotator "NA COMBH"]
[PlyCount "89"]
[EventDate "2022.09.16"]
[EventType "swiss"]
[EventCountry "SLO"]
[SourceTitle "playchess.com"]
[Source "ChessBase"]
[SourceQuality "1"]
[TimeControl "5400+30"]

1. Nf3 Nf6 2. g3 g6 3. Bg2 Bg7 4. O-O O-O 5. c4 d6 6. d4 c5 7. Nc3 a6 8. dxc5 dxc5 9. Qb3 Nc6 10. Rd1 Qc7 11. Na4 Nd7 12. Bg5 b5 13. cxb5 axb5 14. Nc3 b4 15. Nd5 Qa7 16. Bxe7 Re8 17. Ng5 Nxe7 18. Nc7 Rf8 19. Nxa8 Ne5 20. a3 c4 21. Qxb4 N7c6 22. Qb6 Qxa8 23. f4 Qa4 24. fxe5 Nxe5 25. Rd8 Bf5 26. Qd6 Qa7+ 27. Kh1 Ng4 28. Nh3 Ne3 29. Rxf8+ Bxf8 30. Qc6 Bd7 31. Qf3 Nxg2 32. Kxg2 Qb6 33. Ng5 Bc6 34. e4 f5 35. Qc3 Qb5 36. Rc1 fxe4 37. Qxc4+ Qxc4 38. Rxc4 Bd5 39. Rd4 Bc6 40. Nxe4 Bg7 41. Rc4 Bd5 42. Rb4 Bf8 43. Rd4 Bc6 44. Kf3 Bg7 45. Rd2 1-0

[Event "26th Hit Open-A 2022"]
[Site "Nova Gorica"]
[Date "2022.09.17"]
[Round "2.41"]
[White "Di Lascio, Savino"]
[Black "Gamal, Alaa"]
[Result "1-0"]
[ECO "A05"]
[WhiteElo "1793"]
[BlackElo "1693"]
[Annotator "NA COMBH"]
[PlyCount "90"]
[EventDate "2022.09.16"]
[EventType "swiss"]
[EventCountry "SLO"]
[SourceTitle "playchess.com"]
[Source "ChessBase"]
[SourceQuality "1"]
[TimeControl "5400+30"]

1. Nf3 Nf6 2. g3 g6 3. b4 Bg7 4. Bb2 a5 5. b5 a4 6. Na3 d5 7. Bg2 Nbd7 8. O-O Nb6 9. d3 O-O 10. Rb1 Bf5 11. Nd2 Qd7 12. c4 Bh3 13. c5 Bxg2 14. Kxg2 Nc8 15. e4 e6 16. Qf3 dxe4 17. Nxe4 Nd5 18. Rfc1 f5 19. c6 bxc6 20. bxc6 Qe7 21. Bxg7 Kxg7 22. Nc5 Ncb6 23. Nb5 f4 24. Nxc7 Nxc7 25. Rxb6 Ra5 26. d4 Qd6 27. Rb7 fxg3 28. Rxc7+ Kg8 29. Qxg3 Qd5+ 30. Kg1 Qxd4 31. Nxe6 Qd2 32. Rg7+ Kh8 33. Rxh7+ Kxh7 34. Qc7+ Kh6 35. Qg7+ Kh5 36. Qh7+ Kg4 37. Qxg6+ Kf3 38. Rc3+ Qxc3 39. Qg3+ Ke2 40. Qxc3 Rg8+ 41. Kh1 Kxf2 42. h4 Rg3 43. Qd2+ Kf1 44. Qf4+ Ke2 45. Qxg3 Re5 1-0

[Event "26th Hit Open-A 2022"]
[Site "Nova Gorica"]
[Date "2022.09.17"]
[Round "2.42"]
[White "Mocic, Ivano"]
[Black "Fiolo, Costanza"]
[Result "0-1"]
[ECO "A35"]
[WhiteElo "1672"]
[BlackElo "1768"]
[Annotator "NA COMBH"]
[PlyCount "94"]
[EventDate "2022.09.16"]
[EventType "swiss"]
[EventCountry "SLO"]
[SourceTitle "playchess.com"]
[Source "ChessBase"]
[SourceQuality "1"]
[TimeControl "5400+30"]

1. c4 c5 2. Nf3 Nc6 3. Nc3 g6 4. e3 Bg7 5. d3 d6 6. g3 e6 7. Bg2 Nge7 8. O-O O-O 9. a3 b6 10. Bd2 Bb7 11. Rb1 Qd7 12. b4 Rad8 13. Qe2 Ne5 14. Nxe5 Bxe5 15. Rbd1 Bxg2 16. Kxg2 Nc6 17. b5 Ne7 18. f4 Bg7 19. Na2 d5 20. Bc1 Nf5 21. Rfe1 Rfe8 22. Qf3 Qc7 23. Kg1 Rd7 24. g4 Ne7 25. Qg2 Red8 26. Qe2 f5 27. g5 e5 28. Rf1 Nc8 29. e4 dxe4 30. dxe4 Rxd1 31. Rxd1 Rxd1+ 32. Qxd1 Qd6 33. Qxd6 Nxd6 34. exf5 gxf5 35. fxe5 Bxe5 36. Kg2 Nxc4 37. h4 Kf7 38. h5 Nd6 39. a4 Ne4 40. Kf3 Ke6 41. h6 Kf7 42. Be3 Kg6 43. Nc1 Nxg5+ 44. Ke2 Ne4 45. Nd3 Bb8 46. Nb2 f4 47. Bg1 Kxh6 0-1

[Event "26th Hit Open-A 2022"]
[Site "Nova Gorica"]
[Date "2022.09.17"]
[Round "2.43"]
[White "Ivsek, Cveto"]
[Black "Mihelj, Edvard"]
[Result "1-0"]
[ECO "A40"]
[WhiteElo "1763"]
[BlackElo "1657"]
[Annotator "NA COMBH"]
[PlyCount "105"]
[EventDate "2022.09.16"]
[EventType "swiss"]
[EventCountry "SLO"]
[SourceTitle "playchess.com"]
[Source "ChessBase"]
[SourceQuality "1"]
[TimeControl "5400+30"]

1. d4 b6 2. Bf4 g6 3. e3 Bb7 4. Nf3 Bg7 5. Bc4 d5 6. Bd3 Nd7 7. O-O e6 8. a4 c5 9. c3 c4 10. Bc2 a6 11. Nbd2 Ne7 12. e4 O-O 13. e5 b5 14. axb5 axb5 15. Rxa8 Qxa8 16. Qa1 Qxa1 17. Rxa1 Ra8 18. Rxa8+ Bxa8 19. b4 Bc6 20. Kf1 Nb6 21. Bg5 Nec8 22. Ke1 Nd7 23. h3 Bf8 24. Nh2 Be7 25. Bf4 f5 26. Ndf3 Kg7 27. Bg5 Bxg5 28. Nxg5 Nf8 29. h4 h6 30. Nh3 Nh7 31. Nf3 Ne7 32. Ke2 Be8 33. Ke3 Bd7 34. Kf4 Nc8 35. Ke3 Ne7 36. Nh2 Nc8 37. f3 Ne7 38. g4 fxg4 39. fxg4 h5 40. gxh5 gxh5 41. Nf4 Kh6 42. Bxh7 Kxh7 43. Nxh5 Nf5+ 44. Kf4 Kg6 45. Nf6 Bc8 46. h5+ Kg7 47. Nhg4 Kh8 48. Ne8 Bd7 49. Nd6 Bc6 50. Nxf5 exf5 51. Kxf5 Kh7 52. e6 Be8 53. Nf6+ 1-0

[Event "26th Hit Open-A 2022"]
[Site "Nova Gorica"]
[Date "2022.09.17"]
[Round "2.44"]
[White "Vicic, Mark"]
[Black "Novak, Rok"]
[Result "0-1"]
[ECO "D02"]
[WhiteElo "1641"]
[BlackElo "1763"]
[Annotator "NA COMBH"]
[PlyCount "70"]
[EventDate "2022.09.16"]
[EventType "swiss"]
[EventCountry "SLO"]
[SourceTitle "playchess.com"]
[Source "ChessBase"]
[SourceQuality "1"]
[TimeControl "5400+30"]

1. d4 d5 2. Nf3 Nf6 3. Bf4 e6 4. Nbd2 c5 5. e3 Qb6 6. Rb1 cxd4 7. exd4 Bd6 8. Bg3 O-O 9. c3 h6 10. Bd3 Bd7 11. Ne5 Bb5 12. c4 dxc4 13. Nexc4 Bxc4 14. Nxc4 Bb4+ 15. Kf1 Qd8 16. Qb3 Nc6 17. a3 Be7 18. Qxb7 Nxd4 19. Rd1 Nf5 20. Ne5 Rb8 21. Qxa7 Qd5 22. Ng6 Bc5 23. Qa4 Ra8 24. Ba6 Nxg3+ 25. hxg3 Qf5 26. Nf4 Nd5 27. Qc6 Qc2 28. Be2 Rfc8 29. Qb7 Qf5 30. Bd3 Qf6 31. Rh5 g5 32. Rd2 gxf4 33. Rh4 fxg3 34. Rg4+ Kf8 35. Rc2 Ne3+ 0-1

[Event "26th Hit Open-A 2022"]
[Site "Nova Gorica"]
[Date "2022.09.17"]
[Round "2.45"]
[White "Rigatti, Giorgio"]
[Black "Savoia, Serge"]
[Result "1-0"]
[ECO "C41"]
[WhiteElo "1763"]
[BlackElo "1636"]
[Annotator "NA COMBH"]
[PlyCount "69"]
[EventDate "2022.09.16"]
[EventType "swiss"]
[EventCountry "SLO"]
[SourceTitle "playchess.com"]
[Source "ChessBase"]
[SourceQuality "1"]
[TimeControl "5400+30"]

1. e4 d6 2. d4 e5 3. Nf3 f6 4. Nc3 c6 5. Be3 g6 6. Qd2 b5 7. O-O-O b4 8. Ne2 Bg4 9. dxe5 Bxf3 10. gxf3 fxe5 11. Qxb4 Qc7 12. Qc4 Nd7 13. Bh3 Nb6 14. Qe6+ Be7 15. Bg5 Rd8 16. f4 d5 17. Bxe7 Nxe7 18. Qxe5 Qxe5 19. fxe5 O-O 20. f4 dxe4 21. Rxd8 Rxd8 22. Rd1 Rf8 23. Rd4 e3 24. Re4 Ned5 25. a3 Kg7 26. c4 Ne7 27. b3 g5 28. Kc2 h5 29. Ng3 Kh6 30. fxg5+ Kxg5 31. Rxe3 h4 32. Ne4+ Kf4 33. Re2 Kxe5 34. Ng5+ Kd6 35. c5+ 1-0

[Event "26th Hit Open-A 2022"]
[Site "Nova Gorica"]
[Date "2022.09.17"]
[Round "2.46"]
[White "Petrovcic, Cvetko"]
[Black "Papler, Peter"]
[Result "1-0"]
[ECO "C41"]
[WhiteElo "1602"]
[BlackElo "1750"]
[Annotator "NA COMBH"]
[PlyCount "57"]
[EventDate "2022.09.16"]
[EventType "swiss"]
[EventCountry "SLO"]
[SourceTitle "playchess.com"]
[Source "ChessBase"]
[SourceQuality "1"]
[TimeControl "5400+30"]

1. e4 d6 2. Bc4 Nf6 3. Nc3 Nbd7 4. d4 e5 5. Bg5 Be7 6. Nf3 c6 7. Qe2 Qc7 8. O-O-O b5 9. Bb3 a5 10. a4 bxa4 11. Nxa4 Ba6 12. Qe1 O-O 13. Nh4 Rfe8 14. Nf5 Bf8 15. f3 Reb8 16. Qg3 Rxb3 17. cxb3 Nh5 18. Qh4 Ndf6 19. g4 Nf4 20. Bxf6 gxf6 21. g5 Ng6 22. Qg3 fxg5 23. Qxg5 Be2 24. Rd2 Bxf3 25. Rg1 Bxe4 26. h4 Bxf5 27. Qxf5 Kh8 28. h5 Nf4 29. Qf6+ 1-0

[Event "26th Hit Open-A 2022"]
[Site "Nova Gorica"]
[Date "2022.09.17"]
[Round "2.47"]
[White "Hellsten, Uffe"]
[Black "Guid, Taja"]
[Result "0-1"]
[ECO "B22"]
[WhiteElo "1732"]
[BlackElo "1511"]
[Annotator "NA COMBH"]
[PlyCount "54"]
[EventDate "2022.09.16"]
[EventType "swiss"]
[EventCountry "SLO"]
[SourceTitle "playchess.com"]
[Source "ChessBase"]
[SourceQuality "1"]
[TimeControl "5400+30"]

1. e4 c5 2. c3 g6 3. d4 cxd4 4. cxd4 d5 5. exd5 Nf6 6. Bc4 Nxd5 7. Qb3 e6 8. Nf3 Bg7 9. Bg5 Qd6 10. O-O O-O 11. Nbd2 f5 12. Rfe1 Nc6 13. Bxd5 exd5 14. g3 Bxd4 15. Nxd4 Nxd4 16. Qc3 Ne6 17. Bh6 Rf7 18. b3 Bd7 19. Nf3 Rc8 20. Qb2 Re8 21. Ne5 Rfe7 22. Nxd7 Qxd7 23. h4 d4 24. Rad1 Qd5 25. Qe2 Nf4 26. Bxf4 Rxe2 27. Rxe2 Rxe2 0-1

[Event "26th Hit Open-A 2022"]
[Site "Nova Gorica"]
[Date "2022.09.17"]
[Round "3.1"]
[White "Wadsworth, Matthew J"]
[Black "Seo, Jung Min"]
[Result "1/2-1/2"]
[ECO "A20"]
[WhiteElo "2423"]
[BlackElo "2516"]
[Annotator "ChessBase"]
[PlyCount "45"]
[EventDate "2022.09.16"]
[EventType "swiss"]
[EventCountry "SLO"]
[SourceTitle "playchess.com"]
[Source "ChessBase"]
[SourceQuality "1"]
[TimeControl "5400+30"]

1. c4 e5 2. Nf3 Nc6 3. d4 exd4 4. Nxd4 Bb4+ 5. Bd2 Bxd2+ 6. Qxd2 Nf6 7. Nxc6 bxc6 8. g3 O-O 9. Bg2 d5 10. cxd5 cxd5 11. O-O c5 12. Rd1 Rb8 13. Nc3 Be6 14. Nxd5 Bxd5 15. Bxd5 Qxd5 16. Qxd5 Nxd5 17. Rxd5 Rxb2 18. Rxc5 Rxe2 19. Ra5 Re7 20. Rc1 g6 21. Rc3 Rb8 22. Rca3 Rbb7 23. Kg2 1/2-1/2

[Event "26th Hit Open-A 2022"]
[Site "Nova Gorica"]
[Date "2022.09.17"]
[Round "3.2"]
[White "Stefansson, Vignir Vatnar"]
[Black "Royal, Shreyas"]
[Result "1/2-1/2"]
[ECO "D24"]
[WhiteElo "2452"]
[BlackElo "2412"]
[Annotator "ChessBase"]
[PlyCount "98"]
[EventDate "2022.09.16"]
[EventType "swiss"]
[EventCountry "SLO"]
[SourceTitle "playchess.com"]
[Source "ChessBase"]
[SourceQuality "1"]
[TimeControl "5400+30"]

1. Nf3 d5 2. d4 Nf6 3. c4 e6 4. Nc3 dxc4 5. e4 b5 6. e5 Nd5 7. Nxb5 Nb6 8. Be2 Nc6 9. O-O Be7 10. Be3 O-O 11. Nc3 Rb8 12. b3 cxb3 13. axb3 Bb7 14. Qd2 Nb4 15. Rxa7 N6d5 16. Nxd5 Bxd5 17. Bc4 Bxf3 18. gxf3 Nd5 19. Rc1 Bb4 20. Qd3 Nxe3 21. fxe3 c5 22. Kh1 cxd4 23. exd4 Qh4 24. Qe4 Qxe4 25. fxe4 Bd2 26. Rd1 Bf4 27. h4 Ra8 28. Rxa8 Rxa8 29. Kg2 h6 30. h5 Rd8 31. Rd3 Bc1 32. d5 Kf8 33. Rf3 Ke7 34. Rg3 Bb2 35. Rxg7 Bxe5 36. Rg4 exd5 37. Bxd5 f5 38. Rg6 Rd6 39. Kf3 Rxg6 40. hxg6 Kf6 41. exf5 Kxf5 42. Be4+ Kf6 43. b4 h5 44. b5 Bc7 45. Bf5 Be5 46. Bd3 Bc7 47. Bc2 Kg7 48. Bf5 Kf6 49. Ke4 h4 1/2-1/2

[Event "26th Hit Open-A 2022"]
[Site "Nova Gorica"]
[Date "2022.09.17"]
[Round "3.3"]
[White "Sonis, Francesco"]
[Black "Willow, Jonah B"]
[Result "1-0"]
[ECO "B47"]
[WhiteElo "2542"]
[BlackElo "2385"]
[Annotator "ChessBase"]
[PlyCount "135"]
[EventDate "2022.09.16"]
[EventType "swiss"]
[EventCountry "SLO"]
[SourceTitle "playchess.com"]
[Source "ChessBase"]
[SourceQuality "1"]
[TimeControl "5400+30"]

1. e4 c5 2. Nf3 e6 3. d4 cxd4 4. Nxd4 Nc6 5. Nc3 Qc7 6. f4 Nxd4 7. Qxd4 b6 8. Be2 Bb7 9. Bf3 Rc8 10. Be3 Qc4 11. O-O-O Nf6 12. Qxc4 Rxc4 13. Rd4 Rxd4 14. Bxd4 Bb4 15. Re1 O-O 16. a3 Bxc3 17. Bxc3 Rc8 18. Bd4 d5 19. e5 Ne4 20. b3 Ba6 21. Kb2 Nd2 22. Bd1 Kf8 23. a4 Ke8 24. Be3 Ne4 25. Bf3 Nc5 26. Bd4 Rc7 27. a5 b5 28. Be2 Nd7 29. Bd3 Nc5 30. Be2 Nd7 31. b4 Nb8 32. Bd3 Nc6 33. c3 Nxd4 34. cxd4 Ke7 35. Rc1 Rxc1 36. Kxc1 g6 37. Kd2 Kd7 38. Ke3 Kc6 39. g4 Bc8 40. f5 g5 41. fxe6 Bxe6 42. Bxh7 Bxg4 43. Kf2 Kd7 44. Bd3 a6 45. Kg3 Be6 46. h4 gxh4+ 47. Kxh4 Ke7 48. Kg5 Bc8 49. Bf5 Be6 50. Kf4 Kf8 51. Bd3 Ke7 52. Kg5 Bc8 53. Be2 Bh3 54. Bf3 Ke6 55. Bh5 Ke7 56. Be2 Bd7 57. Bf3 Be6 58. Bg2 Ke8 59. Kf6 Kf8 60. Bf1 Ke8 61. Be2 Kf8 62. Bd3 Ke8 63. Bg6 Kf8 64. Bf5 Bxf5 65. Kxf5 Ke7 66. Kf4 Kd7 67. Kg4 Ke7 68. Kf5 1-0

[Event "26th Hit Open-A 2022"]
[Site "Nova Gorica"]
[Date "2022.09.17"]
[Round "3.4"]
[White "Brilej, Jaka"]
[Black "Pavlovic, Milos"]
[Result "1-0"]
[ECO "B12"]
[WhiteElo "2329"]
[BlackElo "2468"]
[Annotator "ChessBase"]
[PlyCount "73"]
[EventDate "2022.09.16"]
[EventType "swiss"]
[EventCountry "SLO"]
[SourceTitle "playchess.com"]
[Source "ChessBase"]
[SourceQuality "1"]
[TimeControl "5400+30"]

1. e4 c6 2. d4 d5 3. e5 Bf5 4. Bd3 Bxd3 5. Qxd3 e6 6. Ne2 c5 7. c3 Nc6 8. O-O Nge7 9. Nd2 Qb6 10. Nf3 cxd4 11. cxd4 Qa6 12. Qxa6 bxa6 13. Bd2 Rb8 14. b3 Kd7 15. Rac1 Nc8 16. Ng5 Ba3 17. Rc2 h6 18. Nh3 N8e7 19. Nhf4 Rhc8 20. Bc3 Nf5 21. Rd2 a5 22. g4 Nh4 23. f3 Nb4 24. Nd3 Nxd3 25. Rxd3 Bb4 26. f4 h5 27. h3 Rc6 28. f5 exf5 29. gxf5 Rbc8 30. Bxb4 axb4 31. Rf4 g5 32. fxg6 Rxg6+ 33. Kf1 Ng2 34. Rxf7+ Ke6 35. Rf2 Rc2 36. Rxg2 Rxg2 37. Nf4+ 1-0

[Event "26th Hit Open-A 2022"]
[Site "Nova Gorica"]
[Date "2022.09.17"]
[Round "3.5"]
[White "Tisaj, Domen"]
[Black "Kaasen, Tor Fredrik"]
[Result "0-1"]
[ECO "D38"]
[WhiteElo "2325"]
[BlackElo "2442"]
[Annotator "ChessBase"]
[PlyCount "86"]
[EventDate "2022.09.16"]
[EventType "swiss"]
[EventCountry "SLO"]
[SourceTitle "playchess.com"]
[Source "ChessBase"]
[SourceQuality "1"]
[TimeControl "5400+30"]

1. d4 Nf6 2. c4 e6 3. Nf3 d5 4. Nc3 Bb4 5. Qa4+ Nc6 6. e3 O-O 7. Qc2 Re8 8. Bd2 b6 9. a3 Bf8 10. Be2 Bb7 11. O-O Na5 12. cxd5 exd5 13. Ne5 c5 14. Bb5 Re6 15. Bd3 Nc6 16. f4 cxd4 17. Nxc6 Rxc6 18. exd4 g6 19. f5 Bg7 20. fxg6 hxg6 21. Bg5 Qf8 22. Qd2 Re6 23. Rae1 Rae8 24. Rxe6 Rxe6 25. Qf4 Qe8 26. h3 a6 27. Qh4 Nh7 28. Bh6 Qe7 29. Qxe7 Bxd4+ 30. Kh1 Rxe7 31. Rd1 Be5 32. Kg1 Nf6 33. Bg5 Re6 34. Kf1 Kg7 35. Bb1 d4 36. Ne2 Rd6 37. Nc1 Nd5 38. Nd3 Ne3+ 39. Bxe3 dxe3 40. Ke2 Bd4 41. Ne1 Bc6 42. Nc2 Bb5+ 43. Ke1 Rf6 0-1

[Event "26th Hit Open-A 2022"]
[Site "Nova Gorica"]
[Date "2022.09.17"]
[Round "3.6"]
[White "Ghazarian, Kirk"]
[Black "Thavandiran, Shiyam"]
[Result "1-0"]
[ECO "A70"]
[WhiteElo "2440"]
[BlackElo "2363"]
[Annotator "ChessBase"]
[PlyCount "149"]
[EventDate "2022.09.16"]
[EventType "swiss"]
[EventCountry "SLO"]
[SourceTitle "playchess.com"]
[Source "ChessBase"]
[SourceQuality "1"]
[TimeControl "5400+30"]

1. d4 Nf6 2. c4 e6 3. Nf3 c5 4. d5 exd5 5. cxd5 d6 6. Nc3 g6 7. h3 Bg7 8. e4 O-O 9. Be3 Re8 10. Nd2 Nxe4 11. Ncxe4 f5 12. Bb5 Bd7 13. Nxd6 Bxb5 14. Nxb5 f4 15. O-O fxe3 16. fxe3 a6 17. Nc3 Bxc3 18. bxc3 Qxd5 19. Nf3 Qxd1 20. Raxd1 Nc6 21. Rd7 Rxe3 22. Rxb7 Ra7 23. Rb6 Ne7 24. Ng5 Nd5 25. Ne6 h6 26. Rd6 Nxc3 27. Nxc5 Nxa2 28. Rxg6+ Rg7 29. Rxa6 Nc3 30. Ne6 Re7 31. Nd4 h5 32. Nf5 R7e6 33. Ra8+ Re8 34. Nxe3 Rxa8 35. Rf5 h4 36. Rh5 Re8 37. Nf5 Ne2+ 38. Kh2 Rf8 39. Nxh4 Rf2 40. Ra5 Nd4 41. Kg3 Rb2 42. Nf5 Ne2+ 43. Kg4 Rb4+ 44. Kf3 Rb2 45. Ne3 Ng1+ 46. Ke4 Rf2 47. Rf5 Ra2 48. Rc5 Ne2 49. g4 Ra3 50. h4 Ng3+ 51. Kf3 Nf1 52. Re5 Nd2+ 53. Ke2 Ra2 54. Rg5+ Kh7 55. Rb5 Ne4+ 56. Kf3 Nd2+ 57. Kf4 Ra4+ 58. Kf5 Nf3 59. Rb7+ Kg8 60. Rb8+ Kh7 61. Rb7+ Kg8 62. h5 Ra5+ 63. Kf4 Nd4 64. Rb6 Kf7 65. Nc4 Ra4 66. Nd6+ Kg8 67. Rb8+ Kh7 68. Rb7+ Kg8 69. Ne4 Ne6+ 70. Kf5 Nf8 71. Nf6+ Kh8 72. Rb5 Ra1 73. Kg5 Ne6+ 74. Kh6 Nf8 75. Rg5 1-0

[Event "26th Hit Open-A 2022"]
[Site "Nova Gorica"]
[Date "2022.09.17"]
[Round "3.7"]
[White "Davies, Nigel R"]
[Black "Van Dael, Siem"]
[Result "1/2-1/2"]
[ECO "B07"]
[WhiteElo "2420"]
[BlackElo "2316"]
[Annotator "ChessBase"]
[PlyCount "105"]
[EventDate "2022.09.16"]
[EventType "swiss"]
[EventCountry "SLO"]
[SourceTitle "playchess.com"]
[Source "ChessBase"]
[SourceQuality "1"]
[TimeControl "5400+30"]

1. g3 g6 2. Bg2 Bg7 3. d4 d6 4. e4 Nf6 5. Ne2 O-O 6. O-O e5 7. Nbc3 Nc6 8. dxe5 dxe5 9. Bg5 Qxd1 10. Rfxd1 h6 11. Be3 Be6 12. Nd5 Bxd5 13. exd5 Ne7 14. Bc5 Rfe8 15. d6 cxd6 16. Bxd6 Nc6 17. a4 e4 18. Nc3 e3 19. fxe3 Ng4 20. Bc5 Nxe3 21. Bxe3 Rxe3 22. Rd7 Ne5 23. Rxb7 Rd8 24. Rxa7 Ng4 25. Ra8 Rxa8 26. Bxa8 Bd4 27. Kg2 Bxc3 28. bxc3 Rxc3 29. a5 Rxc2+ 30. Kg1 Rc7 31. a6 Ra7 32. Bb7 Ne5 33. Rc1 Kg7 34. Rc8 Nd7 35. Ra8 Rxa8 36. Bxa8 Nb6 37. Bb7 f5 38. Kf2 Kf6 39. h4 Ke5 40. a7 Kd4 41. Kf3 g5 42. h5 Ke5 43. a8=Q Nxa8 44. Bxa8 f4 45. g4 Kd4 46. Be4 Ke5 47. Bf5 Kd4 48. Ke2 Kc3 49. Bd3 Kd4 50. Kd2 Ke5 51. Bb1 Kd4 52. Bd3 Ke5 53. Bb1 1/2-1/2

[Event "26th Hit Open-A 2022"]
[Site "Nova Gorica"]
[Date "2022.09.17"]
[Round "3.8"]
[White "Guid, Matej"]
[Black "Schreiner, Peter"]
[Result "1/2-1/2"]
[ECO "C28"]
[WhiteElo "2292"]
[BlackElo "2405"]
[Annotator "ChessBase"]
[PlyCount "22"]
[EventDate "2022.09.16"]
[EventType "swiss"]
[EventCountry "SLO"]
[SourceTitle "playchess.com"]
[Source "ChessBase"]
[SourceQuality "1"]
[TimeControl "5400+30"]

1. e4 e5 2. Bc4 Nf6 3. d3 Nc6 4. Nc3 Na5 5. Bb3 Bb4 6. Nf3 Nxb3 7. axb3 d5 8. O-O dxe4 9. Nxe5 exd3 10. Nxd3 Be7 11. Qf3 O-O 1/2-1/2

[Event "26th Hit Open-A 2022"]
[Site "Nova Gorica"]
[Date "2022.09.17"]
[Round "3.9"]
[White "Fercec, Nenad"]
[Black "Gschiel, Alexander"]
[Result "1/2-1/2"]
[ECO "B12"]
[WhiteElo "2403"]
[BlackElo "2196"]
[Annotator "ChessBase"]
[PlyCount "93"]
[EventDate "2022.09.16"]
[EventType "swiss"]
[EventCountry "SLO"]
[SourceTitle "playchess.com"]
[Source "ChessBase"]
[SourceQuality "1"]
[TimeControl "5400+30"]

1. e4 c6 2. d4 d5 3. e5 Bf5 4. Nf3 e6 5. Be2 c5 6. O-O Nc6 7. Be3 cxd4 8. Nxd4 Nxd4 9. Qxd4 Ne7 10. Bb5+ Nc6 11. Qa4 Qc8 12. c4 a6 13. Bxc6+ Qxc6 14. Qxc6+ bxc6 15. Rc1 Rb8 16. b3 Kd7 17. Rd1 f6 18. exf6 gxf6 19. Nc3 Ba3 20. Na4 Kd6 21. Bc1 Bxc1 22. Raxc1 e5 23. cxd5 cxd5 24. Rc5 d4 25. Ra5 Rhc8 26. Rxa6+ Rc6 27. Rxc6+ Kxc6 28. Rc1+ Kb5 29. Kf1 Kb4 30. Ke1 Ka3 31. Rc6 Kxa2 32. Rxf6 Bc2 33. Nc5 Bxb3 34. Nxb3 Kxb3 35. Kd2 Kc4 36. Rc6+ Kd5 37. Rc2 Rg8 38. g3 Rf8 39. Ke2 Rb8 40. f3 Rb3 41. Ra2 Kc4 42. Ra4+ Kc3 43. Ra2 Kb4 44. Ra7 Rb2+ 45. Kd3 Rxh2 46. f4 exf4 47. Ke4 1/2-1/2